 Dungeon Crawl Stone Soup version 0.25-a0-576-g50b708a4c4 (webtiles) character file.

Game seed: 11934230229203461811, levelgen mode: deterministic

7917 Baboonidas the Slicer (level 11, -6/64 HPs)
             Began as a Kobold Monk on Mar 1, 2020.
             Was a Priest of Wu Jian.
             Mangled by an orc warlord
             ... wielding a +0 war axe
              (15 damage)
             ... on level 9 of the Dungeon.
             The game lasted 01:02:15 (9574 turns).

Baboonidas the Slicer (Kobold Monk)                 Turns: 9574, Time: 01:02:17

Health: -6/64      AC: 10    Str: 15    XL:     11   Next: 46%
Magic:  15/15      EV: 22    Int:  9    God:    Wu Jian [***...]
Gold:   603        SH:  0    Dex: 19    Spells: 3/16 levels left

rFire    . . .     SeeInvis .   L - +3 dagger (freeze)
rCold    . . .     Gourm    .   (shield restricted)
rNeg     . . .     Faith    .   h - +0 steam dragon scales
rPois    .         Spirit   .   M - +0 helmet
rElec    .         Reflect  .   Q - +1 cloak {MR+}
rCorr    +         Harm     .   R - +0 pair of gloves
MR       +....                  (no boots)
Stlth    +++++.....             n - amulet of rage
HPRegen  0.20/turn              s - +2 ring of dexterity
MPRegen  0.14/turn              U - ring of resist corrosion

@: exhausted
A: small, carnivore, dopey 1, strong 1
a: Wall Jump, Serpent's Lash, Renounce Religion, Evoke Berserk Rage


You were on level 9 of the Dungeon.
You worshipped Wu Jian.
Wu Jian was most pleased with you.
You were completely stuffed.

You visited 3 branches of the dungeon, and saw 11 of its levels.
You also visited: Ossuary.

You collected 603 gold pieces.

Inventory:

Hand Weapons
 L - a +3 dagger of freezing (weapon)
 P - a +3 dagger of protection
Missiles
 b - 65 poisoned darts
 f - 10 boomerangs (quivered)
 q - 2 boomerangs of dispersal
 J - 2 atropa-tipped darts
Armour
 a - a scarf of cloud immunity
 h - +0 steam dragon scales (worn)
 v - a +1 leather armour of poison resistance
 M - a +0 helmet (worn)
 Q - a +1 cloak of magic resistance (worn)
 R - a +0 pair of gloves (worn)
Jewellery
 n - an amulet of rage (around neck)
 s - a +2 ring of dexterity (left hand)
 U - a ring of resist corrosion (right hand)
 V - an uncursed ring of flight
Wands
 B - a wand of digging (13)
 C - a wand of random effects (26)
 K - a wand of flame (8)
 N - a wand of acid (12)
 W - a wand of disintegration (14)
Scrolls
 g - 8 scrolls of remove curse
 m - 2 scrolls of blinking
 o - 4 scrolls of teleportation
 r - 3 scrolls of enchant weapon
 u - a scroll of enchant armour {unknown}
 x - 2 scrolls of fog
 y - 4 scrolls of fear {unknown}
 z - 4 scrolls of immolation {unknown}
 A - a scroll of random uselessness {unknown}
 D - 3 scrolls of silence {unknown}
 G - a scroll of magic mapping {unknown}
Potions
 d - 2 potions of lignification
 e - a potion of cancellation {unknown}
 i - 3 potions of curing
 j - 4 potions of stabbing
 k - 2 potions of brilliance {unknown}
 l - 3 potions of heal wounds {unknown}
 p - 3 potions of haste
 F - 3 potions of flight
 H - 3 potions of magic {unknown}
 I - 2 potions of degeneration {unknown}
 O - a potion of ambrosia {unknown}
 S - 2 potions of invisibility {unknown}
Miscellaneous
 w - a sack of spiders
 E - a phial of floods (inert)
Comestibles
 c - 13 rations


   Skills:
 + Level 5.8 Fighting
 * Level 10.9 Short Blades
 + Level 6.0 Throwing
 * Level 4.8 Armour
 * Level 8.9 Dodging
 * Level 10.1 Stealth
 + Level 3.0 Spellcasting
 + Level 2.7 Conjurations
 + Level 6.2 Evocations


You had 3 spell levels left.
You knew the following spells:

 Your Spells              Type           Power        Failure   Level  Hunger
a - Magic Dart            Conj           #...         10%         1    ##.....
b - Freeze                Ice            #...         30%         1    ##.....
c - Blink                 Tloc           N/A          41%         2    ###....
d - Slow                  Hex            #.......     41%         2    ###....
e - Hailstorm             Conj/Ice       #.......     86%         4    #####..
f - Frozen Ramparts       Ice            #.....       65%         3    ####...

Your spell library contained the following spells:

 Spells                   Type           Power        Failure   Level  Hunger
 Call Imp                 Summ           #.......     41%         2    ###....
 Conjure Flame            Conj/Fire      #.......     45%         3    ####...
 Mephitic Cloud           Conj/Pois/Air  #.......     52%         3    ####...
 Ozocubu's Armour         Chrm/Ice       #.......     65%         3    ####...
 Summon Ice Beast         Ice/Summ       #.......     96%         4    #####..


Dungeon Overview and Level Annotations

Branches:
Dungeon (9/15)             Temple (1/1) D:7             Orc (1/2) D:9
Ossuary (visited)
   Lair: D:8-11

Altars:
Hepliaklqana
Kikubaaqudgha
Makhleb
Qazlal
Uskayaw
Wu Jian
Xom
The Shining One

Shops:
Orc:1 %


Innate Abilities, Weirdness & Mutations

You are small and have problems with some larger weapons.
You are carnivorous and can eat meat at any time.
You are dopey. (Int -2)
Your muscles are strong. (Str +2)


Message History

Your water elemental hits the orc warrior!
Your water elemental engulfs the orc warrior in water!
Evoke which item? (* to show all) (? for menu, Esc to quit)
Aiming: Disintegrate
Press: ? - help, Shift-Dir - straight line, f - orc warlord, p - orc warrior
Aim: an orc warlord, wielding a +0 war axe and wearing a +0 plate armour (moderately wounded, covered in acid, chance to defeat MR: 56%)
The orc warlord is blasted!!!
The orc warrior slips free of the water.
Evoke which item? (* to show all) (? for menu, Esc to quit)
Aiming: Disintegrate
Press: ? - help, Shift-Dir - straight line, f/p - orc warlord
Aim: an orc warlord, wielding a +0 war axe and wearing a +0 plate armour (severely wounded, covered in acid, chance to defeat MR: 56%)
The orc warlord resists with significant effort.
You spin and attack the orc warlord repeatedly.
You hit the orc warlord. You freeze the orc warlord.
The orc warlord is severely wounded.
You hit the orc warlord but do no damage.
The orc warlord is severely wounded.
The orc warlord hits you with a +0 war axe!
You die...

#.........#.....................
#.....<...#.........)....)......
#.........#..............)......
#.........#...##################
#.........###'#.................
##.........#...#.................
....)......#...#o................
PP.........'...)oE...............
P♣♣.P......##'##@..≈)))..........
♣♣♣.♣.#####......###)>#####......
###♣PP.# #......#..≈≈).[.#......
..#♣♣..# #......#..≈≈≈.[.#......
..#....# #......#........#......
..#....# #......'........#......
..#♣...## #......#........'......
..#♣PP..# #......#........#......
..#♣♣...# #......#........#......


You could see an orc warlord (pinned), an orc warrior and a friendly water
elemental.

Vanquished Creatures
  Erica (D:9)
  Pikel (D:9)
  The ghost of baljet the Poker, a novice GnCK of Xom (D:6)
  Maurice (D:8)
  Maggie (D:6)
  Sigmund (D:6)
  The ghost of baljet the Poker, an amateur GnCK of Xom (D:3)
  4 wargs (D:9)
  The ghost of Esekla the Magician, an amateur DEWz (D:4)
  7 orc warriors (D:9)
  3 ice beasts
  2 slaves (D:9)
  A black bear (D:9)
  2 sky beasts
  8 ogres
  2 centaurs
  A big kobold (D:9)
  Blork the orc (D:5)
  2 bullfrogs
  A wyvern zombie (Ossuary)
  A water moccasin skeleton (D:5)
  2 scorpions
  4 killer bees (D:8)
  7 crimson imps
  A centaur zombie (Ossuary)
  3 hounds (D:9)
  6 quasits
  A bullfrog zombie (Ossuary)
  A gnoll shaman (D:9)
  5 bullfrog skeletons
  A centaur skeleton (D:6)
  4 orc priests (D:9)
  5 jellies
  7 orc wizards
  Ijyb (D:5)
  Natasha (D:2)
  2 iguanas
  10 worker ants
  2 killer bee zombies (Ossuary)
  A hound zombie (Ossuary)
  8 mummies (Ossuary)
  A howler monkey zombie (D:5)
  3 worker ant zombies (Ossuary)
  6 adders
  18 gnolls
  2 shadow imps
  An ooze (D:7)
  5 adder zombies
  2 adder skeletons
  3 worms
  2 dart slugs (D:1)
  3 leopard geckos
  43 orcs
  A ball python (D:3)
  2 giant cockroaches
  8 goblins
  13 hobgoblins
  7 jackals
  3 quokkas
  7 bats
  3 frilled lizards
  2 giant cockroach zombies
  A jackal zombie (Ossuary)
  15 kobolds
  2 quokka zombies (Ossuary)
  8 rats
  3 withered plants (Ossuary)
279 creatures vanquished.

Vanquished Creatures (others)
  A hound (D:9)
  2 withered plants (Ossuary)
3 creatures vanquished.

Grand Total: 282 creatures vanquished

Notes
Turn   | Place    | Note
-------+----------+-------------------------------------------
     0 | D:1      | Baboonidas the Kobold Monk began the quest for the Orb.
     0 | D:1      | Reached XP level 1. HP: 14/14 MP: 1/1
    77 | D:1      | Reached XP level 2. HP: 13/19 MP: 2/2
   437 | D:1      | Reached XP level 3. HP: 23/23 MP: 3/3
  1050 | D:2      | Noticed Natasha
  1065 | D:2      | Killed Natasha
  1065 | D:2      | Reached skill level 5 in Short Blades
  1065 | D:2      | Reached XP level 4. HP: 26/28 MP: 4/4
  1081 | D:2      | Gained mutation: Scrolls take you a little longer to read.
                  | [potion of mutation]
  1081 | D:2      | Gained mutation: Your body sometimes deteriorates upon
                  | taking damage. [potion of mutation]
  1081 | D:2      | Gained mutation: You have sharp toenails. [potion of
                  | mutation]
  1722 | D:3      | Reached skill level 1 in Throwing
  1809 | D:3      | Found a transporter.
  1863 | D:3      | Noticed baljet's ghost (amateur GnCK)
  1874 | D:3      | Found a transporter.
  1890 | D:3      | Reached skill level 1 in Armour
  1890 | D:3      | Reached XP level 5. HP: 33/33 MP: 5/5
  1901 | D:3      | Killed baljet's ghost
  1901 | D:3      | Reached skill level 1 in Evocations
  1901 | D:3      | Reached XP level 6. HP: 34/38 MP: 5/7
  2363 | D:3      | Reached XP level 7. HP: 40/42 MP: 8/8
  2766 | D:4      | Found a transporter.
  2779 | D:4      | Noticed Esekla's ghost (amateur DEWz)
  2784 | D:4      | Found a transporter.
  2797 | D:4      | Reached skill level 5 in Dodging
  3096 | D:4      | Killed Esekla's ghost
  3452 | D:5      | Entered Level 5 of the Dungeon
  3512 | D:5      | Reached XP level 8. HP: 45/48 MP: 9/9
  3589 | D:5      | Noticed Ijyb
  3612 | D:5      | Killed Ijyb
  3997 | D:5      | Reached skill level 5 in Stealth
  4161 | D:5      | Noticed Blork the orc
  4260 | D:5      | Killed Blork the orc
  4398 | D:6      | Found a runed translucent door.
  4399 | D:6      | Noticed baljet's ghost (novice GnCK)
  4415 | D:6      | Found a sand-covered staircase.
  4422 | D:6      | Noticed Maggie
  4444 | D:6      | Killed Maggie
  4509 | D:6      | HP: 2/48 [ice beast (7)]
  4539 | D:6      | Reached XP level 9. HP: 7/52 MP: 11/11
  4632 | Ossuary  | Entered an ossuary
  5318 | D:6      | Noticed Sigmund
  5335 | D:6      | Found a shimmering altar of Xom.
  5737 | D:6      | Killed Sigmund
  5946 | D:6      | Killed baljet's ghost
  5946 | D:6      | Reached skill level 5 in Throwing
  5946 | D:6      | Reached skill level 5 in Evocations
  5946 | D:6      | Reached XP level 10. HP: 58/58 MP: 13/13
  6047 | D:6      | Learned a level 1 spell: Magic Dart
  6353 | D:7      | Reached skill level 1 in Conjurations
  6356 | D:7      | Reached skill level 1 in Spellcasting
  6585 | D:7      | Found an ancient bone altar of Kikubaaqudgha.
  6712 | D:7      | Lost mutation: Scrolls take you a little longer to read.
                  | [potion of mutation]
  6712 | D:7      | Lost mutation: Your body sometimes deteriorates upon taking
                  | damage. [potion of mutation]
  6712 | D:7      | Lost mutation: You have sharp toenails. [potion of
                  | mutation]
  6712 | D:7      | Gained mutation: You are dopey. (Int -2) [potion of
                  | mutation]
  6712 | D:7      | Gained mutation: Your muscles are strong. (Str +2) [potion
                  | of mutation]
  6754 | D:7      | Found a staircase to the Ecumenical Temple.
  6762 | Temple   | Entered the Ecumenical Temple
  6769 | Temple   | Became a worshipper of the Wu Jian Council
  6769 | Temple   | Reached * piety under Wu Jian
  6769 | Temple   | Reached ** piety under Wu Jian
  6915 | D:8      | Noticed Maurice
  6920 | D:8      | Reached skill level 10 in Short Blades
  6976 | D:8      | Killed Maurice
  6976 | D:8      | Reached skill level 5 in Fighting
  7882 | D:9      | Noticed Pikel
  7907 | D:9      | Killed Pikel
  8044 | D:9      | Found a hide-covered altar of Uskayaw.
  8045 | D:9      | Noticed Erica
  8048 | D:9      | Killed Erica
  8048 | D:9      | Reached XP level 11. HP: 64/64 MP: 15/15
  8064 | D:9      | Found a staircase to the Orcish Mines.
  8132 | D:9      | Reached *** piety under Wu Jian
  8761 | D:9      | Learned a level 1 spell: Freeze
  8764 | D:9      | Learned a level 2 spell: Blink
  8767 | D:9      | Learned a level 2 spell: Slow
  8783 | D:9      | Learned a level 4 spell: Hailstorm
  8787 | D:9      | Learned a level 3 spell: Frozen Ramparts
  8840 | Orc:1    | Entered Level 1 of the Orcish Mines
  8841 | Orc:1    | Found Yxugg's Food Shoppe.
  8869 | D:9      | Reached skill level 10 in Stealth
  9282 | Orc:1    | Noticed an orc warlord
  9286 | D:9      | Reached **** piety under Wu Jian
  9574 | D:9      | Mangled by an orc warlord

Levels and vault maps discovered:
D:1:      lemuel_arrival_cross, layout_loops_ring
D:2:      layout_basic, uniq_natasha
D:3:      layout_rooms, gammafunk_ghost_stat_death
D:4:      layout_rooms, gammafunk_ghost_stat_death
D:5:      layout_cave_pods, first_ration, uniq_ijyb, uniq_blork_the_orc
D:6:      layout_basic, lightli_ossuary_entry_decrepit_ruins,
          ebering_ghost_reflecting_pool, st_stairs_13, hangedman_decor_growths,
          dk_xom_monty_hall, uniq_sigmund, uniq_maggie
D:7:      layout_basic, minmay_temple_entry_glassed_door, basic_altar
D:8:      layout_loops_ring, uniq_maurice
D:9:      kennysheep_housing_project, layout_gridville, lemuel_round_altar,
          orc_0_dummy, uniq_pikel, uniq_erica
Temple:   nicolae_temple_the_god_donut
Orc:1:    layout_caves, serial_shops, nicolae_shop_trees, trog_hazing_becter

Skill      XL: |  1  2  3  4  5  6  7  8  9 10 11 |
---------------+----------------------------------+-----
Dodging        | 4 5 6 7 8 |  8.9
Short Blades   | 5 6 8 9 10 | 10.9
Stealth        | 3 4 5 7 9 10 | 10.1
Throwing       | 1 2 3 5 6 |  6.0
Armour         | 1 2 3 4 |  4.8
Evocations     | 1 2 3 5 6 |  6.2
Fighting       | 4 5 |  5.8
Conjurations   | 2 |  2.7
Spellcasting   | 3 |  3.0

Action                   |  1- 3 |  4- 6 |  7- 9 | 10-12 || total
-------------------------+-------+-------+-------+-------++-------
Melee: Short sword       |    95 |   143 |   188 |       ||   426
       Kick              |       |    34 |   157 |    31 ||   222
       Dagger            |       |       |   273 |   463 ||   736
Throw: Boomerang         |    10 |    25 |    94 |    50 ||   179
       Dart              |       |       |    10 |     4 ||    14
Invok: Lunge             |       |       |       |    20 ||    20
       Whirlwind         |       |       |       |    19 ||    19
       Serpent's Lash    |       |       |       |     1 ||     1
 Abil: Evoke Berserk Rag |       |     1 |     9 |    13 ||    23
       Wall Jump         |       |       |       |     2 ||     2
Evoke: Wand              |       |       |       |    13 ||    13
       Phial of floods   |       |       |       |     1 ||     1
  Use: Scroll            |     4 |       |     8 |     4 ||    16
       Potion            |       |     3 |     7 |     2 ||    12
 Stab: Sleeping          |     1 |     2 |     3 |    19 ||    25
       Distracted        |       |       |     2 |     3 ||     5
       Invisible         |       |       |       |     1 ||     1
  Eat: Chunk             |     6 |     5 |    20 |    28 ||    59
Armor: Robe              |     7 |       |       |       ||     7
       Leather armour    |     1 |    66 |    47 |       ||   114
       Steam dragon scal |       |       |     3 |    26 ||    29
       Skin              |       |       |       |     3 ||     3
Dodge: Dodged            |    57 |   200 |   283 |   215 ||   755

Table legend:
 A = Non-vault XP
 B = Vault XP
 C = Vault XP percentage of total XP
 D = Non-vault monster count
 E = Vault monster count
 F = Vault count percentage of total count
                 A         B        C        D         E       F
            +---------+---------+-------+---------+---------+-------
      Total |    5578 |    5732 |  50.7 |     199 |      75 |  27.4
            +---------+---------+-------+---------+---------+-------
        D:1 |      37 |       0 |   0.0 |      21 |       0 |   0.0
        D:2 |      19 |      35 |  64.8 |      12 |       1 |   7.7
        D:3 |      78 |     382 |  83.0 |      31 |       5 |  13.9
        D:4 |     126 |     238 |  65.4 |       7 |       3 |  30.0
        D:5 |     390 |     136 |  25.9 |      11 |       2 |  15.4
        D:6 |     949 |    1442 |  60.3 |      35 |       8 |  18.6
        D:7 |     452 |       0 |   0.0 |      14 |       0 |   0.0
        D:8 |     905 |     445 |  33.0 |      24 |       1 |   4.0
        D:9 |    2509 |    2514 |  50.0 |      43 |      31 |  41.9
      Orc:1 |     113 |       0 |   0.0 |       1 |       0 |   0.0
    Ossuary |       0 |     540 | 100.0 |       0 |      24 | 100.0
            +---------+---------+-------+---------+---------+-------
